 Dungeon Sprint DCSS version 0.30-a0-528-g8c47a4955b (webtiles) character file.

Game seed: 7080519347812699288

1184 rocky1 the Basher (level 8, -3/52 (59) HPs)
             Began as a Gargoyle Fighter on Dec 24, 2022.
             Was an Initiate of Gozag.
             Slain by Josephine
             ... wielding a +0 dagger
              (4 damage)
             ... in the Dungeon (Sprint III: "The Ten Rune Challenge").
             The game lasted 00:02:38 (1132 turns).

rocky1 the Basher (Gargoyle Fighter)                Turns: 1132, Time: 00:02:39

HP:   -3/52 (59)    AC: 13    Str: 22    XL:     8   Next: 42%
MP:   8/8           EV:  9    Int:  9    God:    Gozag
Gold: 604           SH:  6    Dex:  9    Spells: 7/7 levels left

rFire   . . .      SeeInvis .    a - +0 flail
rCold   . . .      Faith    .    c - +0 buckler
rNeg    + . .      Spirit   .    b - +0 scale mail
rPois   ∞          Reflect  .    (no helmet)
rElec   +          Harm     .    (no cloak)
rCorr   .          Rampage  .    (no gloves)
Will    .....      NoTele   +    (no boots) Stlth
                                 (no amulet)
HPRegen 0.28/turn                (no ring)
MPRegen 0.11/turn                (no ring)

@: heavily drained
A: sickness immunity, AC +5, negative energy resistance 1, electricity
resistance, torment resistance 1, petrification resistance
a: Renounce Religion, Potion Petition, Call Merchant, Bribe Branch


You were in the Dungeon.
You worshipped Gozag.
Gozag was pleased with you.
You visited 1 branch You collected 604 gold pieces.

Inventory:

Hand Weapons
 a - a +0 flail (weapon)
Armour
 b - a +0 scale mail (worn)
 c - a +0 buckler (worn)
Scrolls
 j - a scroll of blinking
 k - a scroll of torment {unknown}
 l - 4 scrolls of identify
 m - a scroll of immolation {unknown}
Potions
 d - 2 potions of might
 e - 2 potions of curing
 f - 2 potions of heal wounds
 g - 2 potions of haste
 h - 2 potions of magic
 n - a potion of flight {unknown}
 o - 4 potions of mutation
Miscellaneous
 i - a box of beasts


   Skills:
 + Level 10.6 Fighting
 * Level 12.0 Maces & Flails
 - Level 5.9 Armour
 + Level 10.6 Shields


You had 7 spell levels left.
You didn't know any spells.
Your spell library contained the following spells:

 Spells                   Type           Power      Damage    Failure   Level
 Sting                    Tmut/Pois      0%         1d3       77%         1
 Poisonous Vapours        Pois/Air       0%         N/A       88%         2
 Olgreb's Toxic Radiance  Pois           0%         N/A       100%        4


Dungeon Overview and Level Annotations

Branches:
Dungeon (1/1)

Altars:
Cheibriados
Dithmenos
Elyvilon
Fedhas
Gozag
Hepliaklqana
Kikubaaqudgha
Makhleb
Nemelex Xobeh
Okawaru
Qazlal
Ru
Sif Muna
Trog
Uskayaw
Vehumet
Wu Jian
Xom
Yredelemnul
Zin
The Shining One
Jiyva
Lugonu

Annotations:
D Josephine


Innate Abilities, Weirdness & Mutations

You are immune to sickness and miasma.
Your stone body is resilient. (AC +5)
You are immune to poison.
You resist negative energy. (rN+)
You are resistant to electric shocks. (rElec)
You are resistant to unholy torment.
You are immune to petrification.


Message History

Josephine is severely wounded.
Josephine gestures at you while chanting.
The ghostly flame explodes!
The ghostly fireball engulfs you! You partially resist.
You feel drained.
The ghostly fireball engulfs Josephine.
Josephine completely resists.
You closely miss Josephine.
Josephine is severely wounded.
You hit Josephine.
Josephine is severely wounded.
Josephine splashes around in the water.
You sock Josephine!
Josephine is severely wounded.
Josephine splashes around in the water.
You closely miss Josephine.
Josephine is severely wounded.
Josephine splashes around in the water.
You barely miss Josephine.
Josephine is severely wounded.
You block Josephine's attack.
You bludgeon Josephine!!
Josephine is almost dead.
You hit Josephine.
Josephine is almost dead.
Josephine gestures at you while chanting.
The ghostly flame explodes!
The ghostly fireball engulfs you! You partially resist.
You feel drained.
* * * LOW HITPOINT WARNING * * *
The ghostly fireball engulfs Josephine.
Josephine completely resists.
You hit Josephine.
Josephine is almost dead.
Josephine points at you and mumbles some strange words.
The ghostly flame explodes!
The ghostly fireball engulfs you! You partially resist.
You feel drained.
* * * LOW HITPOINT WARNING * * *
The ghostly fireball engulfs Josephine.
Josephine completely resists.
You hit Josephine.
Josephine is almost dead.
Josephine hits you with a +0 dagger.
You die...
Your body crumbles into a pile of gold.

♣.############ $ $ $$
♣.#___#___#__#$ $$ $
♣♣.#...#__)#._#$$ $$
♣..###)#'###)##$$ $
...#..........#$ $
♣..'.⌠........# $$
♣♣.#...######'# $$ $$
...#.⌠.#__#...#+#####
...#...#__#...#.@@§§+
...#'###__#...#.#§§§#
...#)).#__#...'.#§§§#
...#___#__'...#.#...#
▓▓▓▓▓▓▓▓▓▓▓▓▓▓▓▓▓▓▓▓▓


You could see Josephine.

Vanquished Creatures
  A deep elf pyromancer (D)
  A shadow (D)
  A spatial vortex (D)
  A necrophage (D)
  A water elemental (D)
  A jelly (D)
  A wizard (D)
  A necromancer (D)
  3 humans (D)
  A kobold demonologist (D)
  A wolf (D)
  An endoplasm (D)
  3 rats (D)
17 creatures vanquished.

Vanquished Creatures (others)
  A plant (D)
1 creature vanquished.

Grand Total: 18 creatures vanquished

Notes
Turn   | Place    | Note
-------+----------+-------------------------------------------
     0 | D        | rocky1 the Gargoyle Fighter began the quest for the Orb.
     0 | D        | Reached XP level 1. HP: 14/14 MP: 1/1
    80 | D        | Reached XP level 2. HP: 2/20 MP: 2/2
   172 | D        | Reached skill level 3 in Maces & Flails
   172 | D        | Reached XP level 3. HP: 13/25 MP: 3/3
   254 | D        | Noticed a water elemental
   257 | D        | Killed a water elemental
   258 | D        | Reached skill level 5 in Fighting
   258 | D        | Reached skill level 4 in Maces & Flails
   258 | D        | Reached skill level 5 in Armour
   258 | D        | Reached skill level 5 in Shields
   258 | D        | Reached XP level 4. HP: 32/32 MP: 4/4
   313 | D        | Reached skill level 5 in Maces & Flails
   313 | D        | Reached XP level 5. HP: 15/37 MP: 5/5
   396 | D        | Noticed a shadow
   404 | D        | Killed a shadow
   405 | D        | Reached skill level 7 in Maces & Flails
   405 | D        | Reached XP level 6. HP: 35/44 MP: 6/6
   443 | D        | Found a blossoming altar of Fedhas.
   443 | D        | Found a stormy altar of Qazlal.
   443 | D        | Found a snail-covered altar of Cheibriados.
   443 | D        | Found a burning altar of Makhleb.
   443 | D        | Found a shimmering altar of Xom.
   444 | D        | Found a hazy altar of Hepliaklqana.
   444 | D        | Found an opulent altar of Gozag.
   444 | D        | Found a sparkling altar of Nemelex Xobeh.
   444 | D        | Found a corrupted altar of Lugonu.
   444 | D        | Found a viscous altar of Jiyva.
   444 | D        | Noticed a spatial vortex
   449 | D        | Became a worshipper of Gozag Ym Sagoz the Greedy
   541 | D        | Found a basalt altar of Yredelemnul.
   541 | D        | Found a shadowy altar of Dithmenos.
   541 | D        | Found a sacrificial altar of Ru.
   557 | D        | Reached skill level 8 in Maces & Flails
   591 | D        | Found a radiant altar of Vehumet.
   591 | D        | Found a shimmering blue altar of Sif Muna.
   591 | D        | Found an ancient bone altar of Kikubaaqudgha.
   625 | D        | Found a hide-covered altar of Uskayaw.
   625 | D        | Found an iron altar of Okawaru.
   625 | D        | Found a bloodstained altar of Trog.
   625 | D        | Found an ornate altar of the Wu Jian Council.
   625 | D        | Noticed a human
   625 | D        | Noticed a human
   642 | D        | Killed a human
   643 | D        | Reached skill level 9 in Maces & Flails
   643 | D        | Reached XP level 7. HP: 38/51 MP: 7/7
   655 | D        | Killed a human
   656 | D        | Reached skill level 10 in Maces & Flails
   806 | D        | Found a glowing silver altar of Zin.
   806 | D        | Found a glowing golden altar of the Shining One.
   806 | D        | Found a white marble altar of Elyvilon.
   806 | D        | Noticed a deep elf pyromancer
   818 | D        | Killed a deep elf pyromancer
   819 | D        | Reached skill level 10 in Fighting
   819 | D        | Reached skill level 11 in Maces & Flails
   819 | D        | Reached skill level 10 in Shields
   819 | D        | Reached XP level 8. HP: 37/58 MP: 8/8
   987 | D        | Reached skill level 12 in Maces & Flails
  1101 | D        | Noticed Josephine
  1131 | D        | HP: 1/52 [Josephine/ghostly fireball (13)]
  1132 | D        | Slain by Josephine

Illustrated notes

Levels and vault maps discovered:
D:        dungeon_sprint_mu [sprint_mu_entry_forest, sprint_mu_temple_rooms,
          sprint_mu_d1_horrors, sprint_mu_d2_genie, sprint_mu_d3_branching,
          sprint_mu_orc_legion, sprint_mu_elf_gauntlet, sprint_mu_hive_nellie,
          sprint_mu_lair_fedhas, sprint_mu_vaults_butterflies,
          sprint_mu_slime_circle, sprint_mu_swamp_cave, sprint_mu_snake_twists,
          sprint_mu_blade_basic, sprint_mu_crypt_chambers,
          sprint_mu_tomb_spiral, sprint_mu_vestibule_basic,
          sprint_mu_gehenna_hellfire, sprint_mu_dis_giant,
          sprint_mu_tartarus_statrot, sprint_mu_cocytus_islands, sprint_mu_zot1]

Skill      XL: |  1  2  3  4  5  6  7  8 |
---------------+-------------------------+-----
Fighting       | 4 5 6 7 9 10 | 10.6
Armour         | 4 5 |  5.9
Shields        | 4 5 6 7 9 10 | 10.6
Maces & Flails | 3 4 5 7 9 11 12 | 12.0

Action                   |  1- 3 |  4- 6 |  7- 9 || total
-------------------------+-------+-------+-------++-------
Melee: Flail             |    30 |    42 |    56 ||   128
  Use: Potion            |     1 |       |       ||     1
Armor: Scale mail        |    10 |     7 |    10 ||    27
Dodge: Dodged            |    10 |    12 |     9 ||    31
Block: Buckler           |    11 |    10 |     4 ||    25

Table legend: (Time is in decaauts)
 A = Elapsed time spent in this place.
 B = Non-inter-level travel time spent in this place.
 C = Inter-level travel time spent in this place.
 D = Time resting spent in this place.
 E = Time spent auto-exploring this place.
 F = Levels seen in this place.
 G = Mean time per level.
                   A        B        C        D        E       F      G
               +--------+--------+--------+--------+--------+-----+--------+
         Total |   1147 |   1147 |      0 |    735 |      1 |   1 | 1147.0 |
       Dungeon |   1147 |   1147 |      0 |    735 |      1 |   1 | 1147.0 |
               +--------+--------+--------+--------+--------+-----+--------+

Top non-repeatable levels by time:
       D: 1147 daAuts
